PBL
COLORADO ROCKIES @ TAMPA BAY RAYS
04/18/2071
 
TOP OF THE 1ST
Colorado Rockies batting - Pitching for Tampa Bay Rays : RHP Stuart Black
Pitching: RHP Stuart Black
Batting: RHB Cedric McNeill 0-0: Called Strike
0-1: Fly out, F8 (Flyball, 8LS, EV 85.6 MPH)
Batting: RHB Ryan Russell 0-0: Called Strike
0-1: Ball
1-1: Ball
2-1: Ground out U3 (Groundball, 3L, EV 82.5 MPH)
Batting: RHB Chip Smith 0-0: Ball
1-0: Ball
2-0: Called Strike
2-1: SINGLE (Line Drive, 34D, EV 110.0 MPH)
Batting: RHB Patrick Hammond 0-0: Called Strike
0-1: Foul Ball, location: 2F
0-2: Strikes out swinging
Top of the 1st over - 0 runs, 1 hit, 0 errors, 1 left on base; Colorado 0 - Tampa Bay 0
BOTTOM OF THE 1ST
Tampa Bay Rays batting - Pitching for Colorado Rockies : RHP Guillermo Hernández
Pitching: RHP Guillermo Hernández
Batting: RHB Ken Potter 0-0: Ball
1-0: Ball
2-0: Foul Ball, location: 3F
2-1: Foul Ball, location: 5F
2-2: Strikes out swinging
Batting: LHB Manuel Gonzáles 0-0: Ground out 4-3 (Groundball, 4, EV 106.9 MPH)
Batting: RHB Tom Pike 0-0: Ground out 4-3 (Groundball, 4S, EV 65.0 MPH)
Bottom of the 1st over - 0 runs, 0 hits, 0 errors, 0 left on base; Colorado 0 - Tampa Bay 0
TOP OF THE 2ND
Colorado Rockies batting - Pitching for Tampa Bay Rays : RHP Stuart Black
Batting: RHB Clyde Walmsley 0-0: Called Strike
0-1: Fly out, F7 (Flyball, 7, EV 82.5 MPH)
Batting: LHB Kokei Kobayashi 0-0: Ball
1-0: Ground out 4-3 (Groundball, 4, EV 89.4 MPH)
Batting: RHB Rubén Alaniz 0-0: Called Strike
0-1: Foul Ball, location: 2F
0-2: Ball
1-2: Strikes out swinging
Top of the 2nd over - 0 runs, 0 hits, 0 errors, 0 left on base; Colorado 0 - Tampa Bay 0
BOTTOM OF THE 2ND
Tampa Bay Rays batting - Pitching for Colorado Rockies : RHP Guillermo Hernández
Batting: RHB Jorge Baca 0-0: Ball
1-0: Called Strike
1-1: Ball
2-1: Fly out, F7 (Flyball, 7, EV 96.3 MPH)
Batting: SHB Barry Huffman 0-0: Called Strike
0-1: Foul Ball, location: 23F
0-2: Strikes out swinging
Batting: RHB Colt Keeling 0-0: Called Strike
0-1: Foul Ball, location: 5FF
0-2: Ball
1-2: Ball
2-2: Ball
3-2: Ground out 6-3 (Groundball, 6, EV 86.3 MPH)
Bottom of the 2nd over - 0 runs, 0 hits, 0 errors, 0 left on base; Colorado 0 - Tampa Bay 0
TOP OF THE 3RD
Colorado Rockies batting - Pitching for Tampa Bay Rays : RHP Stuart Black
Batting: LHB Ángel Hernández 0-0: Ball
1-0: Ball
2-0: Ground out U3 (Groundball, 3S, EV 83.8 MPH)
Batting: RHB José Hernández 0-0: Ball
1-0: Called Strike
1-1: Ball
2-1: Ground out U3 (Groundball, 3, EV 101.3 MPH)
Batting: RHB Cedric McNeill 0-0: Called Strike
0-1: Ball
1-1: Ball
2-1: Ball
3-1: Foul Ball, location: 2F
3-2: Base on Balls
Batting: RHB Ryan Russell 0-0: Called Strike
Cedric McNeill steals 2nd base
0-1: Called Strike
0-2: Ball
1-2: Foul Ball, location: 2F
1-2: Strikes out looking
Top of the 3rd over - 0 runs, 0 hits, 0 errors, 1 left on base; Colorado 0 - Tampa Bay 0
BOTTOM OF THE 3RD
Tampa Bay Rays batting - Pitching for Colorado Rockies : RHP Guillermo Hernández
Batting: RHB Carlos Cruz 0-0: Called Strike
0-1: Ball
1-1: Swinging Strike
1-2: Strikes out swinging
Batting: RHB Paul Robertson 0-0: Called Strike
0-1: Ball
1-1: Called Strike
1-2: Foul Ball, location: 5FF
1-2: Fly out, F7 (Flyball, 7LM, EV 103.8 MPH)
Batting: LHB Oliver Whitley 0-0: Ball
1-0: Ball
2-0: Called Strike
2-1: Fly out, F7 (Flyball, 7D, EV 100.6 MPH)
Bottom of the 3rd over - 0 runs, 0 hits, 0 errors, 0 left on base; Colorado 0 - Tampa Bay 0
TOP OF THE 4TH
Colorado Rockies batting - Pitching for Tampa Bay Rays : RHP Stuart Black
Batting: RHB Chip Smith 0-0: Ball
1-0: Swinging Strike
1-1: Ball
2-1: Ball
3-1: Foul Ball, location: 2F
3-2: Foul Ball, location: 7LSF
3-2: Foul Ball, location: 2F
3-2: Base on Balls
Batting: RHB Patrick Hammond 0-0: Ball
1-0: Fielders Choice at 2nd, 4-6 (Groundball, 4M, EV 91.9 MPH)
Batting: RHB Clyde Walmsley 0-0: Fly out, F8 (Flyball, 8RD, EV 100.0 MPH)
Batting: LHB Kokei Kobayashi 0-0: Ball
1-0: SINGLE (Popup, 34D, EV 66.3 MPH)
Patrick Hammond to second
Runner from 2nd tries for 3rd, SAFE, no throw by 2B
Batting: RHB Rubén Alaniz 0-0: Called Strike
0-1: Ball
1-1: Called Strike
1-2: Ground out U3 (Groundball, 3L, EV 91.9 MPH)
Top of the 4th over - 0 runs, 1 hit, 0 errors, 2 left on base; Colorado 0 - Tampa Bay 0
BOTTOM OF THE 4TH
Tampa Bay Rays batting - Pitching for Colorado Rockies : RHP Guillermo Hernández
Batting: RHB Ken Potter 0-0: Called Strike
0-1: Ball
1-1: Ball
2-1: Fly out, F8 (Flyball, 8LD, EV 106.3 MPH)
Batting: LHB Manuel Gonzáles 0-0: Called Strike
0-1: Ball
1-1: Foul Ball, location: 3F
1-2: Ground out U3 (Groundball, 3S, EV 86.9 MPH)
Batting: RHB Tom Pike 0-0: Called Strike
0-1: Swinging Strike
0-2: Strikes out looking
Bottom of the 4th over - 0 runs, 0 hits, 0 errors, 0 left on base; Colorado 0 - Tampa Bay 0
TOP OF THE 5TH
Colorado Rockies batting - Pitching for Tampa Bay Rays : RHP Stuart Black
Batting: LHB Ángel Hernández 0-0: Ball
1-0: Called Strike
1-1: Fly out, F7 (Flyball, 7S, EV 91.3 MPH)
Batting: RHB José Hernández 0-0: Ball
1-0: Ball
2-0: SOLO HOME RUN (Flyball, 89XD, EV 93.1 MPH), Distance : 369 ft
Batting: RHB Cedric McNeill 0-0: Swinging Strike
0-1: Called Strike
0-2: Ball
1-2: Strikes out swinging
Batting: RHB Ryan Russell 0-0: Called Strike
0-1: Ball
1-1: Called Strike
1-2: Ball
2-2: Strikes out swinging
Top of the 5th over - 1 run, 1 hit, 0 errors, 0 left on base; Colorado 1 - Tampa Bay 0
BOTTOM OF THE 5TH
Tampa Bay Rays batting - Pitching for Colorado Rockies : RHP Guillermo Hernández
Batting: RHB Jorge Baca 0-0: SINGLE (Groundball, 4MD, EV 101.9 MPH)
Batting: SHB Barry Huffman 0-0: Called Strike
0-1: Foul Ball, location: 7LSF
0-2: Ball
1-2: Ball
2-2: Foul Ball, location: 2RF
2-2: Foul Ball, location: 3F
2-2: Foul Ball, location: 23F
2-2: Ball
3-2: Fly out, F7 (Flyball, 7LM, EV 95.0 MPH)
Batting: RHB Colt Keeling 0-0: Called Strike
0-1: Ball
1-1: Called Strike
1-2: Ball
2-2: Ball
3-2: Foul Ball, location: 3FF
3-2: Foul Ball, location: 2F
3-2: SINGLE (Flyball, 34D, EV 95.6 MPH)
Jorge Baca to second
Batting: RHB Carlos Cruz 0-0: Foul Ball, location: 3SF
0-1: Foul Ball, location: 2F
0-2: Foul Ball, location: 25F
0-2: Fly out, F7 (Line Drive, 7S, EV 92.5 MPH)
Batting: RHB Paul Robertson 0-0: Ball
1-0: Ball
2-0: Called Strike
2-1: Foul Ball, location: 9LMF
2-2: Ball
3-2: Base on Balls
Jorge Baca to third
Colt Keeling to second
Batting: LHB Oliver Whitley 0-0: Called Strike
0-1: Foul Ball, location: 23F
0-2: Ball
1-2: Foul Ball, location: 7LMF
1-2: Ground out U3 (Groundball, 34, EV 78.8 MPH)
Bottom of the 5th over - 0 runs, 2 hits, 0 errors, 3 left on base; Colorado 1 - Tampa Bay 0
TOP OF THE 6TH
Colorado Rockies batting - Pitching for Tampa Bay Rays : RHP Stuart Black
Batting: RHB Chip Smith 0-0: Called Strike
0-1: Called Strike
0-2: Foul Ball, location: 2LF
0-2: Ball
1-2: Strikes out swinging, 2-3 out at first.
Batting: RHB Patrick Hammond 0-0: Ball
1-0: Ball
2-0: Called Strike
2-1: Ball
3-1: Base on Balls
Batting: RHB Clyde Walmsley 0-0: Ball
1-0: Ball
2-0: Ball
3-0: Called Strike
3-1: Called Strike
3-2: Foul Ball, location: 7LSF
3-2: Foul Ball, location: 7LSF
3-2: Foul Ball, location: 7LSF
3-2: Fly out, F9 (Line Drive, 9S, EV 91.3 MPH)
Pitching: RHP Ben Nicholson
Batting: LHB Kokei Kobayashi 0-0: SINGLE (Line Drive, 89S, EV 103.8 MPH)
Patrick Hammond to second
Batting: RHB Rubén Alaniz 0-0: Ball
1-0: Swinging Strike
1-1: Foul Ball, location: 2F
1-2: Foul Ball, location: 2F
1-2: Strikes out swinging
Top of the 6th over - 0 runs, 1 hit, 0 errors, 2 left on base; Colorado 1 - Tampa Bay 0
BOTTOM OF THE 6TH
Tampa Bay Rays batting - Pitching for Colorado Rockies : RHP Guillermo Hernández
Batting: RHB Ken Potter 0-0: Ball
1-0: Called Strike
1-1: Swinging Strike
1-2: Strikes out swinging
Batting: LHB Manuel Gonzáles 0-0: SINGLE (Line Drive, 6MD, EV 98.1 MPH)
Batting: RHB Tom Pike 0-0: Grounds into double play, 6-4-3 (Groundball, 6M, EV 106.3 MPH)
Bottom of the 6th over - 0 runs, 1 hit, 0 errors, 0 left on base; Colorado 1 - Tampa Bay 0
TOP OF THE 7TH
Colorado Rockies batting - Pitching for Tampa Bay Rays : RHP Ben Nicholson
Batting: LHB Ángel Hernández 0-0: Ball
1-0: Fly out, F7 (Flyball, 7D, EV 81.3 MPH)
Batting: RHB José Hernández 0-0: Ball
1-0: Ball
2-0: Ball
3-0: Called Strike
3-1: Foul Ball, location: 9LDF
3-2: Ground out 6-3 (Groundball, 6MS, EV 65.0 MPH)
Batting: RHB Cedric McNeill 0-0: Ball
1-0: Ball
2-0: Called Strike
2-1: Called Strike
2-2: Ground out 4-3 (Groundball, 4, EV 80.0 MPH)
Top of the 7th over - 0 runs, 0 hits, 0 errors, 0 left on base; Colorado 1 - Tampa Bay 0
BOTTOM OF THE 7TH
Tampa Bay Rays batting - Pitching for Colorado Rockies : RHP Guillermo Hernández
Pitching: RHP Alfred Bailey
Batting: RHB Jorge Baca 0-0: Foul Ball, location: 3FF
0-1: Called Strike
0-2: Ball
1-2: Ball
2-2: Strikes out swinging
Batting: SHB Barry Huffman 0-0: Ball
1-0: Ball
2-0: SOLO HOME RUN (Flyball, 9D, EV 95.6 MPH), Distance : 366 ft
Batting: RHB Colt Keeling 0-0: Called Strike
0-1: Ball
1-1: Called Strike
1-2: Ball
2-2: SINGLE (Line Drive, 6D, EV 103.8 MPH)
Batting: RHB Carlos Cruz 0-0: Called Strike
0-1: Foul Ball, location: 23F
0-2: Fly out, F9 (Flyball, 9LMF, EV 91.9 MPH)
Pinch Hitting: LHB César García 0-0: Ball
1-0: Called Strike
1-1: Ball
2-1: Ball
3-1: Fly out, F8 (Line Drive, 8LM, EV 91.3 MPH)
Bottom of the 7th over - 1 run, 2 hits, 0 errors, 1 left on base; Colorado 1 - Tampa Bay 1
TOP OF THE 8TH
Colorado Rockies batting - Pitching for Tampa Bay Rays : RHP Ben Nicholson
Now at SS: Jesús Hernández
Batting: RHB Ryan Russell 0-0: Called Strike
0-1: Ball
1-1: Foul Ball, location: 2RF
1-2: Ground out 6-3 (Groundball, 6M, EV 81.3 MPH)
Batting: RHB Chip Smith 0-0: Called Strike
0-1: Foul Ball, location: 5FF
0-2: Strikes out swinging
Batting: RHB Patrick Hammond 0-0: Called Strike
0-1: SINGLE (Line Drive, 56, EV 97.5 MPH)
Batting: RHB Clyde Walmsley 0-0: Ball
1-0: Swinging Strike
1-1: Ground out 6-3 (Groundball, 56, EV 102.5 MPH)
Top of the 8th over - 0 runs, 1 hit, 0 errors, 1 left on base; Colorado 1 - Tampa Bay 1
BOTTOM OF THE 8TH
Tampa Bay Rays batting - Pitching for Colorado Rockies : RHP Alfred Bailey
Batting: LHB Oliver Whitley 0-0: Called Strike
0-1: Ball
1-1: Called Strike
1-2: Ground out 4-3 (Groundball, 4S, EV 73.8 MPH)
Batting: RHB Ken Potter 0-0: Ball
1-0: Ball
2-0: Ball
3-0: Called Strike
3-1: Called Strike
3-2: SINGLE (Line Drive, 8RS, EV 93.1 MPH)
Pitching: RHP Barney Washington
Batting: LHB Manuel Gonzáles 0-0: Ball
1-0: Ball
2-0: Called Strike
2-1: Ball
3-1: Foul Ball, location: 2F
3-2: Base on Balls
Ken Potter to second
Batting: RHB Tom Pike 0-0: Swinging Strike
0-1: Grounds into double play, 5-4-3 (Groundball, 56, EV 110.6 MPH)
Bottom of the 8th over - 0 runs, 1 hit, 0 errors, 1 left on base; Colorado 1 - Tampa Bay 1
TOP OF THE 9TH
Colorado Rockies batting - Pitching for Tampa Bay Rays : RHP Ben Nicholson
Pitching: RHP Pavlusha Faingauz
Batting: LHB Kokei Kobayashi 0-0: Foul Ball, location: 3F
0-1: Foul Ball, location: 2F
0-2: Ball
1-2: Foul Ball, location: 7LSF
1-2: Strikes out swinging
Pinch Hitting: SHB Forbes Utting 0-0: Ball
1-0: Swinging Strike
1-1: Ball
2-1: Called Strike
2-2: SINGLE (Groundball, 4MD, EV 101.9 MPH)
Batting: LHB Ángel Hernández 0-0: Ball
1-0: Swinging Strike
1-1: Called Strike
1-2: Strikes out swinging
Batting: RHB José Hernández 0-0: Ball
1-0: Swinging Strike
1-1: Called Strike
1-2: Foul Ball, location: 9LSF
1-2: Fly out, F3 (Popup, 23F, EV 88.1 MPH)
Top of the 9th over - 0 runs, 1 hit, 0 errors, 1 left on base; Colorado 1 - Tampa Bay 1
BOTTOM OF THE 9TH
Tampa Bay Rays batting - Pitching for Colorado Rockies : RHP Barney Washington
Pitching: RHP Yasushi Fujita
Now in LF: Cedric McNeill
Now in CF: Roberto Marín
Batting: RHB Jorge Baca 0-0: Ball
1-0: Ball
2-0: Fly out, F3 (Popup, 3S, EV 85.6 MPH)
Pitching: RHP Van Collier
Batting: SHB Barry Huffman 0-0: Fly out, F8 (Flyball, 8LD, EV 103.8 MPH)
Batting: RHB Colt Keeling 0-0: Ball
1-0: Ball
2-0: Foul Ball, location: 2F
2-1: Swinging Strike
2-2: Strikes out looking
Bottom of the 9th over - 0 runs, 0 hits, 0 errors, 0 left on base; Colorado 1 - Tampa Bay 1
TOP OF THE 10TH
Colorado Rockies batting - Pitching for Tampa Bay Rays : RHP Pavlusha Faingauz
Pitching: LHP Mike Franklin
Batting: RHB Cedric McNeill 0-0: Ground out 6-3 (Groundball, 56, EV 90.6 MPH)
Batting: RHB Ryan Russell 0-0: Ground out 5-3 (Groundball, 56, EV 101.3 MPH)
Batting: RHB Chip Smith 0-0: Ball
1-0: Called Strike
1-1: Ball
2-1: Ball
3-1: Base on Balls
Batting: RHB Patrick Hammond 0-0: Ball
1-0: Ball
2-0: Called Strike
2-1: Ball
3-1: Foul Ball, location: 23F
3-2: Foul Ball, location: 9LDF
3-2: Strikes out swinging
Top of the 10th over - 0 runs, 0 hits, 0 errors, 1 left on base; Colorado 1 - Tampa Bay 1
BOTTOM OF THE 10TH
Tampa Bay Rays batting - Pitching for Colorado Rockies : RHP Van Collier
Pitching: RHP Cooper Dubarry
Batting: RHB Carlos Cruz 0-0: Ball
1-0: Called Strike
1-1: Ball
2-1: Swinging Strike
2-2: Ball
3-2: Base on Balls
Batting: RHB Jesús Hernández 0-0: Ball
1-0: Bunted foul
1-1: Bunt missed!
1-2: Ball
2-2: Grounds into double play, 4-6-3 (Groundball, 4, EV 102.5 MPH)
Batting: LHB Oliver Whitley 0-0: Called Strike
0-1: Swinging Strike
0-2: Strikes out looking
Bottom of the 10th over - 0 runs, 0 hits, 0 errors, 0 left on base; Colorado 1 - Tampa Bay 1
TOP OF THE 11TH
Colorado Rockies batting - Pitching for Tampa Bay Rays : LHP Mike Franklin
Pitching: RHP Pete Myers
Batting: SHB William Pearson 0-0: Ball
1-0: Foul Ball, location: 2F
1-1: Swinging Strike
1-2: Ball
2-2: Foul Ball, location: 2F
2-2: Foul Ball, location: 3DF
2-2: Ball
3-2: Strikes out swinging
Batting: LHB Kokei Kobayashi 0-0: Ball
1-0: Called Strike
1-1: Foul Ball, location: 9LSF
1-2: Ball
2-2: Ball
3-2: Foul Ball, location: 2F
3-2: Foul Ball, location: 2F
3-2: SOLO HOME RUN (Flyball, 89XD, EV 98.1 MPH), Distance : 379 ft
Batting: RHB Roberto Marín 0-0: Ball
1-0: Ball
2-0: Fly out, F9 (Flyball, 9LD, EV 87.5 MPH)
Batting: LHB Ángel Hernández 0-0: Ball
1-0: Ball
2-0: Ball
3-0: Base on Balls
Batting: RHB José Hernández 0-0: Ball
1-0: Foul Ball, location: 5F
1-1: Ball
2-1: Fielders Choice at 2nd, U4 (Groundball, 4M, EV 98.8 MPH)
Top of the 11th over - 1 run, 1 hit, 0 errors, 1 left on base; Colorado 2 - Tampa Bay 1
BOTTOM OF THE 11TH
Tampa Bay Rays batting - Pitching for Colorado Rockies : RHP Cooper Dubarry
Batting: RHB Ken Potter 0-0: Ball
1-0: Ball
2-0: Ball
3-0: Called Strike
3-1: Base on Balls
Batting: LHB Manuel Gonzáles 0-0: Called Strike
0-1: Ball
1-1: Ball
2-1: Ball
3-1: Base on Balls
Ken Potter to second
Batting: RHB Tom Pike 0-0: Foul Ball, location: 2F
0-1: Ball
1-1: Ball
2-1: Foul Ball, location: 23F
2-2: Foul Ball, location: 2F
2-2: Ball
3-2: Foul Ball, location: 2F
3-2: Grounds into double play, 5-4-3 (Groundball, 5, EV 85.6 MPH)
Ken Potter to third
Pitching: RHP Juan Ramos
Batting: RHB Jorge Baca 0-0: Foul Ball, location: 9LMF
0-1: Foul Ball, location: 3SF
0-2: Ball
1-2: Foul Ball, location: 2F
1-2: Foul Ball, location: 5F
1-2: Strikes out looking
Bottom of the 11th over - 0 runs, 0 hits, 0 errors, 1 left on base; Colorado 2 - Tampa Bay 1
Monday, April 8th , 2024 - OOTP Baseball 24.10 Build 82